 Dungeon Crawl Stone Soup version 0.21-a0-538-gd16b88a (webtiles) character file.

9 theanonym the Skirmisher (level 2, 24/24 HPs)
             Began as a Demonspawn Monk on Dec 16, 2017.
             Quit the game on level 1 of the Dungeon.
             The game lasted 00:00:53 (391 turns).

theanonym the Skirmisher (Demonspawn Monk)           Turns: 391, Time: 00:00:54

Health: 24/24      AC:  4    Str: 11    XL:     2   Next: 6%
Magic:  2/2        EV: 13    Int: 11    God:
Gold:   25         SH:  0    Dex: 15    Spells: 1/1 levels left

rFire    . . .     SeeInvis .     - Unarmed
rCold    . . .     Gourm    .   (no shield)
rNeg     . . .     Faith    .   a - +0 robe {0}
rPois    .         Spirit   .   (no helmet)
rElec    .         Reflect  .   (no cloak)
rCorr    .         Harm     .   (no gloves)
MR       .....                  (no boots)
Stlth    ++........             (no amulet)
HPRegen  0.08/turn              (no ring)
MPRegen  0.08/turn              (no ring)

@: no status effects
A: iridescent scales 1
a: no special abilities


Innate Abilities, Weirdness & Mutations

You are partially covered in iridescent scales. (AC +2)


   Skills:
 + Level 3.2 Fighting
 - Level 2.6 Dodging
 - Level 1.7 Stealth
 * Level 3.1 Unarmed Combat


You had one spell level left.
You didn't know any spells.

Skill      XL: |  1 |
---------------+----+-----
Unarmed Combat | 3 |  3.1
Fighting       | |  3.2
Dodging        | |  2.6
Stealth        | |  1.7

Action                   || total
-------------------------++-------
Melee: Unarmed           ||    24
       Punch             ||     1
 Stab: Sleeping          ||     1
Armor: Robe              ||     2
Dodge: Dodged            ||     7

Inventory:

Armour
 a - a +0 robe (worn) {0}
Scrolls
 d - a scroll of identify {unknown}
Potions
 b - a potion of lignification {unknown}
Comestibles
 e - a bread ration


You were on level 1 of the Dungeon.
You were not hungry.

You visited 1 branch of the dungeon, and saw 1 of its levels.

You collected 25 gold pieces.

Dungeon Overview and Level Annotations

Branches:
Dungeon (1/15)

Altars:


Message History

You butcher the rat corpse.
c - a chunk of flesh You see here a stone. x2
d - a scroll labeled FACAZU POCWE A rat, a giant cockroach and a goblin come into view.
There are monsters nearby!
There are monsters nearby!
There are monsters nearby!
The goblin shouts!
The goblin hits you with a dagger.
You take 4 damage, and have 14/18 hp.
MASSIVE DAMAGE!!
You miss the goblin. The goblin hits you with a dagger.
* * * LOW HITPOINT WARNING * * *
You take 5 damage, and have 9/18 hp.
MASSIVE DAMAGE!!
You are too injured to fight recklessly!
You are too injured to fight recklessly!
You are too injured to fight recklessly!
You are too injured to fight recklessly!
You are too injured to fight recklessly!
You are too injured to fight recklessly!
You barely miss the goblin. The goblin hits you but does no damage.
You barely miss the goblin. The goblin hits you with a dagger.
* * * LOW HITPOINT WARNING * * *
You take 5 damage, and have 4/18 hp.
MASSIVE DAMAGE!!
You barely miss the goblin. The goblin hits you but does no damage.
You barely miss the goblin. The goblin misses you.
You closely miss the goblin. You punch the goblin.
You kill the goblin!
You closely miss the rat. The rat barely misses you.
You hit the rat. The rat barely misses you.
You hit the rat.
You kill the rat!
You hit the giant cockroach.
You kill the giant cockroach!
Your Unarmed Combat skill increases to level 3!
Things that are here:
a dagger; a giant cockroach corpse; a goblin corpse You start resting.
All of the chunks of flesh in your inventory have rotted away.
Health restored: 18
Things that are here:
a dagger; a goblin skeleton
Found a spear.
A kobold and a dart slug come into view.
There are monsters nearby!
There are monsters nearby!
What are your orders? t - Shout!
Orders for allies: a - Attack new target. r - Retreat! s - Stop attacking. g - Guard the area. f - Follow me.
Anything else - Cancel.
You shout for attention!
You hear a shout!
What are your orders? t - Shout!
Orders for allies: a - Attack new target. r - Retreat! s - Stop attacking. g - Guard the area. f - Follow me.
Anything else - Cancel.
You shout for attention!
What are your orders? t - Shout!
Orders for allies: a - Attack new target. r - Retreat! s - Stop attacking. g - Guard the area. f - Follow me.
Anything else - Cancel.
You shout for attention!
What are your orders? t - Shout!
Orders for allies: a - Attack new target. r - Retreat! s - Stop attacking. g - Guard the area. f - Follow me.
Anything else - Cancel.
You shout for attention!
What are your orders? t - Shout!
Orders for allies: a - Attack new target. r - Retreat! s - Stop attacking. g - Guard the area. f - Follow me.
Anything else - Cancel.
Okay, then.
You start waiting.
The kobold barely misses you.
You closely miss the kobold. You hit the kobold.
You kill the kobold!
No target in view!
No target in view!
No target in view!
No target in view!
You start waiting.
You hit the dart slug. The dart slug closely misses you.
You hit the dart slug. You hit the dart slug.
You kill the dart slug!
You have reached level 2!
Your demonic ancestry asserts itself...
Iridescent scales grow over part of your body.
Health restored: 24; MP restored: 2 Unknown command.

######.#.#####..###
##.......).....#.. #
##...#.#.####.....#
#.##......#.# ##..#.#
#...........# #....#
####......#.# ##....
######...#.#.## #.#.#
#...###.##....) .....#
#...).@........[......#
#...###)#######.#####.#
##.##...# # #.#
#.##.### #.# #.##.# ...
#.##.# #.##.# #....#
###.K#


There were no monsters in sight!

Notes
Turn   | Place    | Note
-------+----------+-------------------------------------------
     0 | D:1      | theanonym the Demonspawn Monk began the quest for the Orb.
     0 | D:1      | Reached XP level 1. HP: 18/18 MP: 1/1
   115 | D:1      | HP: 9/18 [goblin/dagger (5)]
   117 | D:1      | HP: 4/18 [goblin/dagger (6)]
   124 | D:1      | Reached skill level 3 in Unarmed Combat
   390 | D:1      | Gained mutation: You are partially covered in iridescent scales. (AC +2) [demonic ancestry]
   390 | D:1      | Reached XP level 2. HP: 24/24 MP: 2/2
   391 | D:1      | Quit the game

Vanquished Creatures
  A dart slug (D:1)
  2 giant cockroaches (D:1)
  A goblin (D:1)
  3 kobolds (D:1)
  2 rats (D:1)
9 creatures vanquished.

Table legend:
 A = Turns spent in this place as a percentage of turns spent in the entire game.
 B = Non-inter-level travel turns spent in this place as a percentage of non-inter-level travel turns spent in the entire game.
 C = Inter-level travel turns spent in this place as a percentage of turns spent in this place.
 D = Turns resting spent in this place as a percentage of non-inter-level travel turns spent in this place.
 E = Turns spent auto-exploring this place as a percentage of non-inter-level travel turns spent in this place.
 F = Non-inter-level travel turns spent in this place divided by the number of levels of this place that you've seen.
                   A       B       C       D       E      F
               +-------+-------+-------+-------+-------+----------------------
         Total | 100.0 | 100.0 |   0.0 |  71.6 |  14.3 | 391.0
       Dungeon | 100.0 | 100.0 |   0.0 |  71.6 |  14.3 | 391.0
               +-------+-------+-------+-------+-------+----------------------
